 Dungeon Crawl Stone Soup version 0.29.1-4-g47bece8355 (webtiles) character file.

Game seed: 6471572873678353728

16 ChadusMaximus the Caller (level 2, -2/19 HPs)
             Began as a Human Summoner on Dec 6, 2022.
             Slain by a kobold
             ... wielding a +1 short sword of venom
              (4 damage)
             ... on level 2 of the Dungeon.
             The game lasted 00:01:14 (1421 turns).

ChadusMaximus the Caller (Human Summoner)           Turns: 1421, Time: 00:01:14

Health: -2/19      AC:  6    Str:  5 (8)  XL:     2   Next: 70%
Magic:  3/5        EV: 12    Int: 14 (15) God:
Gold:   42         SH:  0    Dex: 12 (13) Spells: 4/5 levels left

rFire   . . .      SeeInvis .   e - +0 whip
rCold   . . .      Faith    .   (no shield)
rNeg    . . .      Spirit   .   a - +0 robe
rPois   .          Reflect  .   (no helmet)
rElec   .          Harm     .   (no cloak)
rCorr   .          Rampage  .   (no gloves)
Will    .....                   (no boots)
Stlth   ++........              (no amulet)
HPRegen 0.06/turn               c - +4 ring of protection
MPRegen 0.09/turn               (no ring)

@: lethally poisoned (-2 -> -8)
A: no striking features
a: no special abilities


You were on level 2 of the Dungeon.
You visited 1 branch of the dungeon, and saw 2 of its levels.

You collected 42 gold pieces.

Inventory:

Hand Weapons
 e - a +0 whip (weapon)
Armour
 a - a +0 robe (worn)
Jewellery
 c - a +4 ring of protection (left hand)
Scrolls
 d - a scroll of enchant weapon {unknown}
 f - 2 scrolls of identify {unknown}
 g - a scroll of poison {unknown}
Potions
 b - a potion of magic


   Skills:
 + Level 2.3 Dodging
 + Level 2.3 Stealth
 + Level 2.2 Spellcasting
 + Level 4.1 Summonings


You had 4 spell levels left.
You knew the following spells:

 Your Spells              Type           Power      Damage    Failure   Level
a - Summon Small Mammal   Summ           52%        N/A       4%          1

Your spell library contained the following spells:

 Spells                   Type           Power      Damage    Failure   Level
 Call Imp                 Summ           13%        N/A       6%          2
 Call Canine Familiar     Summ           13%        N/A       13%         3
 Summon Guardian Golem    Hex/Summ       7%         N/A       30%         3
 Summon Lightning Spire   Summ/Air       7%         N/A       69%         4


Dungeon Overview and Level Annotations

Branches:
Dungeon (2/15)

Altars:

Shops:
D:2 (


Message History

No target in view!
Unknown command.
Your bat disappears in a puff of smoke!
Your rat disappears in a puff of smoke!
Found an escape hatch in the floor.
No target in view!
A kobold comes into view.
It is wielding a +1 short sword of venom.
The kobold shouts!
You completely miss the kobold. The kobold misses you.
You barely miss the kobold.
The kobold hits you with a +1 short sword of venom.
You are poisoned.
You hit the kobold.
The kobold is moderately wounded.
You feel very sick. The kobold barely misses you. x2
Casting: Summon Small Mammal (safe; 4% risk of failure)
Confirm with . or Enter, or press ? or * to list all spells.
You feel sick.
The kobold hits you with a +1 short sword of venom.
You are lethally poisoned!
Casting: Summon Small Mammal (safe; 4% risk of failure)
Confirm with . or Enter, or press ? or * to list all spells.
* * * LOW HITPOINT WARNING * * *
You feel very sick. The kobold barely misses you.
Unknown command.
It was a potion of degeneration.
There was something very wrong with that liquid.
You feel weakened.
You feel dopey.
You feel clumsy.
* * * LOW HITPOINT WARNING * * *
You feel sick.
Your quokka bites the kobold.
The kobold barely misses your quokka.
Unknown command.
You barely miss the kobold.
The kobold is severely wounded.
* * * LOW HITPOINT WARNING * * *
You feel sick.
Your quokka barely misses the kobold.
The kobold hits you with a +1 short sword of venom.
You die...

#.# #.# #.# ######.###.#
#### ##.........[# ...
......#.###### ##.##
.#.##.#......###...####.
.#.##.######.........>..
...##.# #####@rr####.
...##.# ##K## ....... .#
....... .# #.####. .# ##
.# .# .#


You could see a kobold (ally target), a friendly quokka (summoned) and a
friendly rat (summoned).

Vanquished Creatures
  2 bats (D:1)
  A giant cockroach (D:1)
  2 ball pythons
  2 frilled lizards
  2 rats
9 creatures vanquished.

Vanquished Creatures (collateral kills)
  2 endoplasms
  A goblin (D:1)
  A hobgoblin (D:1)
  A frilled lizard (D:1)
  A kobold (D:1)
6 creatures vanquished.

Grand Total: 15 creatures vanquished

Notes
Turn   | Place    | Note
-------+----------+-------------------------------------------
     0 | D:1      | ChadusMaximus the Human Summoner began the quest for the
                  | Orb.
     0 | D:1      | Reached XP level 1. HP: 13/13 MP: 3/3
   429 | D:1      | Reached XP level 2. HP: 19/19 MP: 3/5
  1310 | D:2      | Found Edghaut's Weapon Emporium.
  1421 | D:2      | Slain by a kobold

Illustrated notes

Levels and vault maps discovered:
D:1:      dpeg_arrival_lava_altar, layout_basic, grunt_decor_clamped
D:2:      layout_loops_ring, ebering_ecumenical_altar_rust, serial_shops,
          shop_fountains, minmay_split_cup_small, uniq_crazy_yiuf_cottage,
          uniq_robin, uniq_jessica

Action                   || total
-------------------------++-------
Melee: Whip              ||    62
 Cast: Summon Small Mamm ||    21
  Use: Potion            ||     1
 Stab: Sleeping          ||     2
Armor: Robe              ||    33
Dodge: Dodged            ||    58
